 Dungeon Crawl Stone Soup version 0.31-a0-1074-g0b22e4e0f1 (webtiles) character file.

Game seed: 15827621291048660899

247 strifetoe the Cudgeller (level 6, -12/37 HPs)
             Began as a Gargoyle Monk on Dec 7, 2023.
             Mangled by Edmund
             ... wielding a +6 heavy dire flail
              (13 damage)
             ... on level 4 of the Dungeon.
             The game lasted 00:04:01 (2425 turns).

strifetoe the Cudgeller (Gargoyle Monk)             Turns: 2425, Time: 00:04:02

Health: -12/37     AC: 12    Str: 16    XL:     6   Next: 11%
Magic:  6/6        EV: 11    Int: 11    God:
Gold:   190        SH:  3    Dex: 12    Spells: 5/5 levels left

rFire   . . .        a - +1 mace
rCold   . . .        q - +0 buckler
rNeg    + . .        m - +3 leather armour
rPois   ∞            (no helmet)
rElec   +            b - +0 cloak
rCorr   .            (no gloves)
SInv    .            g - +0 pair of boots
Will    .....        (no amulet)
Stlth   +            k - ring of wizardry
HPRegen 0.26/turn    (no ring)
MPRegen 0.10/turn

%: wizardry (x1)
@: invisible
A: sickness immunity, AC +4, negative energy resistance 1, electricity
resistance, torment resistance 1, petrification resistance
a: no special abilities


You were on level 4 of the Dungeon.
You visited 1 branch of the dungeon, and saw 4 of its levels.

You collected 190 gold pieces.

Inventory:

Hand Weapons
 a - a +1 mace (weapon)
 r - the +3 short sword of Cisac {spect, rCorr Str-4 Dex+3 SInv}
   (You found it on level 3 of the Dungeon)

   Str-4:     It affects your strength (-4).
   Dex+3:     It affects your dexterity (+3).
   SInv:      It lets you see invisible.
   rCorr:     It protects you from acid and corrosion.
Armour
 b - a +0 cloak (worn)
 d - an orb of light
 g - a +0 pair of boots (worn)
 m - a +3 leather armour (worn)
 q - a +0 buckler (worn)
Jewellery
 k - a ring of wizardry (left hand)
Scrolls
 e - 2 scrolls of teleportation {unknown}
 h - 3 scrolls of identify
 j - a scroll of revelation
 o - a scroll of immolation {unknown}
 p - 3 scrolls of enchant weapon
 s - a scroll of fear {unknown}
Potions
 f - a potion of degeneration
 l - a potion of enlightenment
 n - a potion of invisibility


   Skills:
 - Level 3.2 Fighting
 + Level 6.6 Maces & Flails
 - Level 2.4 Dodging


You had 5 spell levels left.
You didn't know any spells.
Your spell library contained the following spells:

 Spells                   Type           Power      Damage    Failure   Level
 Magic Dart               Conj           0%         1d3       24%         1
 Call Imp                 Summ           0%         N/A       32%         2
 Mephitic Cloud           Conj/Pois/Air  0%         N/A       54%         3


Dungeon Overview and Level Annotations

Branches:
Dungeon (4/15)
 Temple: D:4-7

Altars:

Annotations:
D:4 Edmund


Innate Abilities, Weirdness & Mutations

You are immune to sickness and miasma.
Your stone body is resilient. (AC +4)
You are immune to poison.
You resist negative energy. (rN+)
You are resistant to electric shocks. (rElec)
You are resistant to unholy torment.
You are immune to petrification.


Message History

It was a potion of curing.
You feel better. Edmund misses you.
You barely miss Edmund.
Edmund is moderately wounded.
You sock Edmund!
Edmund is heavily wounded.
Edmund closely misses you.
Unknown command.
You catch the helpless Edmund completely off-guard!
You hit Edmund but do no damage.
Edmund is heavily wounded.
Edmund closely misses you.
You hit Edmund but do no damage.
Edmund is heavily wounded.
Edmund hits you but does no damage.
You sock Edmund!
Edmund is severely wounded.
You hit Edmund.
Edmund is severely wounded.
Edmund hits you with a +6 heavy dire flail.
You hit Edmund.
Edmund is severely wounded.
Edmund barely misses you.
Unknown command.
You hit Edmund.
Edmund is almost dead.
Edmund says, "Everyone always remembers my brother. 'Who's Edmund?' they ask!"
Edmund hits you with a +6 heavy dire flail!!
* * * LOW HITPOINT WARNING * * *
You strike the helpless Edmund from behind!
You hit Edmund but do no damage.
Edmund is almost dead.
You hit Edmund.
Edmund is almost dead.
Edmund hits you with a +6 heavy dire flail.
* * * LOW HITPOINT WARNING * * *
You barely miss Edmund.
Edmund is almost dead.
Edmund hits you with a +6 heavy dire flail!
You die...
Edmund says, "I'd like to see a scythe do that!"

* #.#.# #.### *********
##.#.####.# ,,,,,,,,* *****
#.........# ,******,***,,,#*
#..#.####.### ,* *,,,,,,***.##
#..#.# #.... ,* **,,,,,** *#.#
#..#.# #.### ,***,,,,,,* #.#
#..#.# #.# ,,,,,,,,,,**
##@#####..#.####.#
,,,*,,,,,,,###..@.............#
,,,,,,,<,................####.#
,,,****,*############.#### #.#
,,,* *,* #.# #.* ,******,*
#.#******,* ,,,,,,,,*
#..,,,,,,,* *********
###********


You could see Edmund (unable to see you).

Vanquished Creatures
  A scorpion (D:4)
  2 hounds
  An iguana (D:4)
  3 adders
  A worm (D:2)
  4 dart slugs
  2 orcs
  3 bats
  8 endoplasms
  5 goblins
  6 hobgoblins
  7 jackals
  A quokka (D:4)
  5 ball pythons
  4 frilled lizards
  8 kobolds
  4 rats (D:1)
65 creatures vanquished.

Notes
Turn   | Place    | Note
-------+----------+-------------------------------------------
     0 | D:1      | strifetoe the Gargoyle Monk began the quest for the Orb.
     0 | D:1      | Reached XP level 1. HP: 14/14 MP: 1/1
   170 | D:1      | Reached XP level 2. HP: 19/19 MP: 2/2
   444 | D:1      | Reached skill level 4 in Maces & Flails
   666 | D:2      | Reached XP level 3. HP: 22/23 MP: 3/3
   887 | D:2      | Found a faded altar of an unknown god.
  1341 | D:3      | Reached skill level 5 in Maces & Flails
  1341 | D:3      | Reached XP level 4. HP: 14/28 MP: 4/4
  1787 | D:3      | Identified the +3 short sword of Cisac {spect, rCorr Str-4
                  | Dex+3 SInv}
  2010 | D:4      | Reached XP level 5. HP: 32/32 MP: 5/5
  2134 | D:4      | Reached skill level 6 in Maces & Flails
  2326 | D:4      | Reached XP level 6. HP: 25/37 MP: 6/6
  2396 | D:4      | Noticed Edmund
  2424 | D:4      | HP: 1/37 [Edmund/+6 heavy dire flail (5)]
  2425 | D:4      | Mangled by Edmund

Illustrated notes

Levels and vault maps discovered:
D:1:      psy_arrival_radial01, layout_basic, dk_noncrumbling_4
D:2:      layout_loops_ring, shapermc_ecumenical_altar_mp_ritualfount,
          minmay_statues_item, nicolae_figureground_sparkle
D:3:      layout_rooms
D:4:      layout_loops_ring, uniq_edmund

Skill      XL: |  1  2  3  4  5 |
---------------+----------------+-----
Maces & Flails | 4 5 6 |  6.6
Fighting       | |  3.2
Dodging        | |  2.4

Action                     |  1- 3 |  4- 6 || total
---------------------------+-------+-------++-------
  Melee: Mace              |    97 |   107 ||   204
    Use: Scroll            |     5 |     2 ||     7
         Potion            |       |     3 ||     3
   Stab: Invisible         |       |     2 ||     2
 Armour: Robe              |    13 |       ||    13
         Scale mail        |    29 |       ||    29
         Ring mail         |     4 |       ||     4
         Leather armour    |    12 |    61 ||    73
  Dodge: Dodged            |    53 |    60 ||   113
  Block: Buckler           |       |    10 ||    10

Table legend: (Time is in decaauts)
 A = Elapsed time spent in this place.
 B = Non-inter-level travel time spent in this place.
 C = Inter-level travel time spent in this place.
 D = Time resting spent in this place.
 E = Time spent auto-exploring this place.
 F = Levels seen in this place.
 G = Mean time per level.
                   A        B        C        D        E       F      G
               +--------+--------+--------+--------+--------+-----+--------+
         Total |   2457 |   2420 |     37 |    199 |   1583 |   4 |  614.2 |
       Dungeon |   2457 |   2420 |     37 |    199 |   1583 |   4 |  614.2 |
               +--------+--------+--------+--------+--------+-----+--------+

Top non-repeatable levels by time:
     D:2: 665 daAuts
     D:1: 660 daAuts
     D:3: 645 daAuts
     D:4: 486 daAuts
